 Dungeon Crawl Stone Soup version 0.32-a0-986-ga09f62fbf4 (webtiles) character file.

Game seed: 3478712420256826427

1875 wilfster70 the Geomancer (level 9, -1/45 HPs)
             Began as a Gargoyle Earth Elementalist on Apr 21, 2024.
             Was an Initiate of Gozag.
             Slain by an orc warrior
             ... wielding a +0 mace
              (2 damage)
             ... on level 6 of the Dungeon.
             The game lasted 00:13:03 (5435 turns).

wilfster70 the Geomancer (GrEE)                     Turns: 5435, Time: 00:13:04

Health: -1/45      AC: 12    Str: 18    XL:     9   Next: 14%
Magic:  12/18      EV: 11    Int: 20    God:    Gozag
Gold:   313        SH:  0    Dex: 10    Spells: 13/20 levels left

rFire   + . .        a - +2 mace (heavy)
rCold   + . .        (no shield)
rNeg    + . .        f - +0 robe
rPois   ∞            c - +2 helmet {rF+}
rElec   +            e - +0 cloak
rCorr   .            (no gloves)
SInv    .            (no boots)
Will    .....        (no amulet)
Stlth   ++           g - +6 ring of strength
HPRegen 0.27/turn    q - ring of protection from cold
MPRegen 0.16/turn

%: no passive effects
@: gold aura
A: sickness immunity, AC +6, negative energy resistance 1, electricity
resistance, torment resistance 1, petrification resistance
a: Renounce Religion, Potion Petition, Call Merchant, Bribe Branch


You were on level 6 of the Dungeon.
You worshipped Gozag.
Gozag was aware of your devotion.
You visited 1 branch of the dungeon, and saw 6 of its levels.

You collected 655 gold pieces.
You spent 258 gold pieces at shops.
You paid 84 gold pieces to Gozag.

Inventory:

Hand Weapons
 a - a +2 heavy mace (weapon)
 p - a +1 flail of holy wrath
Armour
 c - a +2 helmet of fire resistance (worn)
 e - a +0 cloak (worn)
 f - a +0 robe (worn)
Jewellery
 d - a ring of see invisible
 g - a +6 ring of strength (left hand)
 n - a +6 ring of dexterity
 q - a ring of protection from cold (right hand)
Wands
 j - a wand of iceblast (11)
 o - a wand of flame (9)
Scrolls
 h - 2 scrolls of amnesia
 i - 2 scrolls of teleportation
 m - a scroll of enchant weapon {unknown}
Potions
 b - a potion of magic
 k - a potion of haste {unknown}
 l - 2 potions of invisibility
 r - a potion of curing {unknown}
 s - a potion of lignification {unknown}


   Skills:
 - Level 1.5 Dodging
 - Level 2.1 Stealth
 - Level 6.0 Spellcasting
 - Level 6.0 Conjurations
 + Level 3.0 Air Magic
 - Level 8.0 Earth Magic
 + Level 3.0 Alchemy


You had 13 spell levels left.
You knew the following spells:

 Your Spells              Type           Power      Damage    Failure   Level
a - Sandblast             Erth           76%        2d16      1%          1
b - Passwall              Erth           38%        N/A       1%          3
c - Mephitic Cloud        Conj/Alch/Air  22%        N/A       6%          3

Your spell library contained the following spells:

 Spells                   Type           Power      Damage    Failure   Level
 Magic Dart               Conj           100%       1d8       1%          1
 Stone Arrow              Conj/Erth      68%        3d11      1%          3
 Mercury Vapours          Alch/Air       36%        N/A       4%          2
 Brom's Barrelling Bould  Conj/Erth      34%        2d5       6%          4
 Petrify                  Alch/Erth      28%        N/A       11%         4
 Blink                    Tloc           12%        N/A       16%         2
 Call Imp                 Summ           12%        N/A       16%         2
 Freezing Cloud           Conj/Ice/Air   9%         6-21      63%         5


Dungeon Overview and Level Annotations

Branches:
Dungeon (6/15)
 Temple: D:4-7

Altars:
Elyvilon
Gozag
Okawaru
Qazlal
Yredelemnul
The Shining One

Shops:
D:4 *


Innate Abilities, Weirdness & Mutations

You are immune to sickness and miasma.
Your stone body is resilient. (AC +6)
You are immune to poison.
You resist negative energy. (rN+)
You are resistant to electric shocks. (rElec)
You are resistant to unholy torment.
You are immune to petrification.


Message History

Your Alchemy skill increases to level 3!
Casting: Sandblast (safe; 1% risk of failure)
Confirm with . or Enter, or press ? or * to list all spells.
Aiming: Sandblast (safe; 1% risk of failure)
Press: ? - help, Shift-Dir - straight line, f - orc warrior
Aim: an orc warrior, wielding a +0 mace and wearing a +0 chain mail (82% to hit)
The blast of sand hits the orc warrior.
The orc warrior is moderately wounded.
The orc warrior barely misses you.
Casting: Sandblast (safe; 1% risk of failure)
Confirm with . or Enter, or press ? or * to list all spells.
Aiming: Sandblast (safe; 1% risk of failure)
Press: ? - help, Shift-Dir - straight line, f/p - orc warrior
Aim: an orc warrior, wielding a +0 mace and wearing a +0 chain mail (moderately wounded, 82% to hit)
The blast of sand hits the orc warrior but does no damage.
The orc warrior is moderately wounded.
The orc warrior barely misses you.
The orc warrior hits you with a +0 mace.
* * * LOW HITPOINT WARNING * * *
Casting: Sandblast (safe; 1% risk of failure)
Confirm with . or Enter, or press ? or * to list all spells.
Aiming: Sandblast (safe; 1% risk of failure)
Press: ? - help, Shift-Dir - straight line, f/p - orc warrior
Aim: an orc warrior, wielding a +0 mace and wearing a +0 chain mail (moderately wounded, 82% to hit)
The blast of sand hits the orc warrior!
The orc warrior is heavily wounded.
The orc warrior hits you with a +0 mace!
* * * LOW HITPOINT WARNING * * *
Casting: Sandblast (safe; 1% risk of failure)
Confirm with . or Enter, or press ? or * to list all spells.
Aiming: Sandblast (safe; 1% risk of failure)
Press: ? - help, Shift-Dir - straight line, f/p - orc warrior
Aim: an orc warrior, wielding a +0 mace and wearing a +0 chain mail (heavily wounded, 82% to hit)
The blast of sand hits the orc warrior but does no damage.
The orc warrior is heavily wounded.
The orc warrior hits you with a +0 mace.
* * * LOW HITPOINT WARNING * * *
The orc warrior hits you with a +0 mace.
You die...
Your body crumbles into a pile of gold.

......... ..###
....c....##...........
.......#...... ......#
# .......##..# #.....#
.. ....>.S....##
#.....##.#
........##..##
#....[...
.......####..# #.....#
..##..# ##.###.....# .
.... #.$@o.....# #####
#...##......#####
###..####.......######
##..................
....>................
#####.######).###.##
#..# ##.# #. # #.# ..
#.#


You could see an orc warrior.

Vanquished Creatures
  Grinder (D:5)
  A steam dragon (D:6)
  A water moccasin (D:4)
  Duvessa (D:5)
  2 ice beasts (D:5)
  3 black bears
  2 ogres (D:4)
  A centaur (D:6)
  A phantom (D:5)
  A scorpion (D:5)
  Dowan (D:5)
  2 hounds
  A jelly (D:5)
  2 sleepcaps
  2 iguanas
  An orc wizard (D:5)
  Robin (D:4)
  4 gnolls (D:4)
  7 adders
  A white imp (D:6)
  A dart slug (D:4)
  14 orcs
  6 bats
  10 endoplasms
  4 giant cockroaches
  15 goblins
  13 hobgoblins
  8 jackals
  3 quokkas
  8 ball pythons
  2 frilled lizards
  7 kobolds
  5 rats
132 creatures vanquished.

Notes
Turn   | Place    | Note
-------+----------+-------------------------------------------
     0 | D:1      | wilfster70 the Gargoyle Earth Elementalist began the quest
                  | for the Orb.
     0 | D:1      | Reached XP level 1. HP: 10/10 MP: 3/3
   108 | D:1      | Reached skill level 4 in Earth Magic
   175 | D:1      | Reached XP level 2. HP: 15/15 MP: 3/5
   387 | D:1      | Reached XP level 3. HP: 19/19 MP: 0/6
   879 | D:1      | Learned a level 3 spell: Passwall
  1177 | D:2      | Reached skill level 5 in Earth Magic
  1269 | D:2      | Reached XP level 4. HP: 24/24 MP: 4/8
  1518 | D:2      | Found a faded altar of an unknown god.
  1881 | D:3      | Found a stormy altar of Qazlal.
  2690 | D:4      | Found a glowing golden altar of the Shining One.
  2704 | D:4      | Became a worshipper of the Shining One
  2761 | D:4      | Noticed an ogre
  2766 | D:4      | Killed an ogre
  2767 | D:4      | Reached skill level 6 in Earth Magic
  2767 | D:4      | Reached XP level 5. HP: 28/28 MP: 5/10
  2771 | D:4      | Noticed a black bear
  2781 | D:4      | Killed a black bear
  2782 | D:4      | Reached skill level 7 in Earth Magic
  2782 | D:4      | Reached XP level 6. HP: 32/32 MP: 2/11
  2862 | D:4      | Found a basalt altar of Yredelemnul.
  2864 | D:4      | Noticed a black bear
  2870 | D:4      | Killed a black bear
  2905 | D:4      | Found Hoaqu's Fire Supplies.
  3347 | D:4      | Reached XP level 7. HP: 36/36 MP: 10/13
  3363 | D:4      | Found an opulent altar of Gozag.
  3368 | D:4      | Fell from the grace of the Shining One
  3368 | D:4      | Became a worshipper of Gozag Ym Sagoz the Greedy
  3560 | D:4      | Noticed Robin
  3565 | D:4      | Killed Robin
  3566 | D:4      | Reached skill level 8 in Earth Magic
  4118 | D:5      | Entered Level 5 of the Dungeon
  4124 | D:5      | Reached skill level 5 in Spellcasting
  4253 | D:4      | Bought a +2 helmet of fire resistance for 258 gold pieces
  4320 | D:5      | Found an iron altar of Okawaru.
  4379 | D:5      | Reached XP level 8. HP: 41/41 MP: 15/17
  4440 | D:5      | Noticed Grinder
  4444 | D:5      | Paralysed by Grinder for 4 turns
  4448 | D:5      | Killed Grinder
  4455 | D:5      | Learned a level 3 spell: Mephitic Cloud
  4627 | D:5      | Reached skill level 5 in Conjurations
  4631 | D:5      | Found a white marble altar of Elyvilon.
  4771 | D:5      | Noticed Duvessa
  4771 | D:5      | Noticed Dowan
  4780 | D:5      | Killed Duvessa
  4784 | D:5      | Killed Dowan
  5057 | D:5      | Reached skill level 1 in Air Magic
  5057 | D:5      | Reached skill level 1 in Alchemy
  5285 | D:6      | Reached XP level 9. HP: 40/45 MP: 13/18
  5435 | D:6      | HP: 1/45 [orc warrior/+0 mace (6)]
  5435 | D:6      | Slain by an orc warrior

Illustrated notes

Levels and vault maps discovered:
D:1:      dpeg_arrival_water_temple_mockup, layout_loops_cross,
          minmay_surrounded
D:2:      layout_basic, serial_glass, glass_columns_a, glass_columns_a,
          shapermc_ecumenical_altar_petra, st_stairs_7, mrwooster_statue_mirror
D:3:      layout_loops_corners, mainiacjoe_overflow_tiny_flanked
D:4:      cheibrodos_old_hovel, layout_layer_cave,
          nicolae_overflow_crystal_walls, amcnicky_altar_gilded,
          nicolae_gozag_cash_rules_everything_around_me, nicolae_shop_fire_sale
          [nicolae_sub_dead_trees], nicolae_concentric_dashed_squares_wild,
          uniq_robin
D:5:      layout_loops_ring, mainiacjoe_overflow_chevrons,
          overflow_temple_1_default, nicolae_twisty_statue_hallways,
          uniq_grinder, uniq_duvessa
D:6:      layout_rooms, minmay_temple_entry_offerings, serial_shops, shop,
          st_stairs_5

Skill      XL: |  1  2  3  4  5  6  7  8  9 |
---------------+----------------------------+-----
Earth Magic    | 4 5 6 7 8 |  8.0
Spellcasting   | 3 4 6 |  6.0
Conjurations   | 2 6 |  6.0
Air Magic      | 2 3 |  3.0
Alchemy        | 2 3 |  3.0
Dodging        | |  1.5
Stealth        | |  2.1

Action                     |  1- 3 |  4- 6 |  7- 9 || total
---------------------------+-------+-------+-------++-------
  Melee: Dagger            |     5 |       |       ||     5
         Mace              |       |       |     6 ||     6
   Cast: Sandblast         |    51 |    56 |   109 ||   216
    Use: Scroll            |     2 |     7 |       ||     9
         Potion            |       |       |     1 ||     1
 Armour: Robe              |    15 |    16 |   103 ||   134
  Dodge: Dodged            |    19 |    15 |    86 ||   120

Table legend: (Time is in decaauts)
 A = Elapsed time spent in this place.
 B = Non-inter-level travel time spent in this place.
 C = Inter-level travel time spent in this place.
 D = Time resting spent in this place.
 E = Time spent auto-exploring this place.
 F = Levels seen in this place.
 G = Mean time per level.
                   A        B        C        D        E       F      G
               +--------+--------+--------+--------+--------+-----+--------+
         Total |   5550 |   5330 |    220 |    628 |   2999 |   6 |  925.0 |
       Dungeon |   5550 |   5330 |    220 |    628 |   2999 |   6 |  925.0 |
               +--------+--------+--------+--------+--------+-----+--------+

Top non-repeatable levels by time:
     D:4: 1623 daAuts
     D:5: 1103 daAuts
     D:1: 1064 daAuts
     D:3: 897 daAuts
     D:2: 758 daAuts
     D:6: 103 daAuts
